 Dungeon Crawl Stone Soup version 0.27-a0-1049-g450f9b2e0d (webtiles) character file.

Game seed: 10841608165208318143

9483 kae the Martial Artist (level 11, 0/128 HPs)
             Began as a Naga Transmuter on Apr 20, 2021.
             Was a High Priest of Cheibriados.
             Slain by a centaur warrior (9 damage)
             ... on level 9 of the Dungeon.
             The game lasted 00:08:43 (11354 turns).

kae the Martial Artist (Naga Transmuter)           Turns: 11354, Time: 00:08:43

Health: 0/128      AC:  8    Str: 26    XL:     11   Next: 47%
Magic:  18/20      EV: 12    Int: 28    God:    Cheibriados [*****.]
Gold:   653        SH:  0    Dex: 26    Spells: 9/22 levels left

rFire    . . .     SeeInvis +     - Unarmed
rCold    . . .     Faith    .   (shield currently unavailable)
rNeg     . . .     Spirit   .   (armour currently unavailable)
rPois    +         Reflect  .   (helmet currently unavailable)
rElec    .         Harm     .   (cloak currently unavailable)
rCorr    .         Rampage  .   (gloves currently unavailable)
Will     +....                  (no barding)
Stlth    ++........             g - amulet of regeneration
HPRegen  1.31/turn              i - ring of wizardry
MPRegen  0.17/turn              r - ring of wizardry

@: hydra-form, very slow
A: fast swimmer, devour, amphibious, boosted hp, AC +3, very large, see
invisible, (deformed body), (poison resistance), (slowness 2), spit poison 1,
(naga tail 1)
a: Spit Poison, End Transformation, Renounce Religion, Bend Time, Temporal
Distortion, Slouch, Step From Time


You were on level 9 of the Dungeon.
You worshipped Cheibriados.
Cheibriados was extremely pleased with you.
You were a five-headed hydra.
You visited 1 branch of the dungeon, and saw 9 of its levels.
You also visited: Bailey.

You collected 653 gold pieces.

Inventory:

Missiles
 e - 9 curare-tipped darts
 v - 2 throwing nets
Armour
 a - a +1 robe (melded)
 b - the +8 orange crystal plate armour {Archmagi, Int+3 Clar}
   (You found it in a bailey)

   It affects your intelligence (+3).
   It protects you against confusion.
Jewellery
 g - an amulet of regeneration (around neck)
 i - a ring of wizardry (left foreclaw)
 n - a +6 ring of intelligence
 r - a ring of wizardry (right foreclaw)
 y - a ring of wizardry
Wands
 q - a wand of paralysis (19)
 w - a wand of flame (11)
Scrolls
 h - 7 scrolls of teleportation
 l - a scroll of amnesia
 s - 2 scrolls of magic mapping
 x - a scroll of enchant weapon
 z - a scroll of fog {unknown}
Potions
 c - a potion of mutation
 d - a potion of resistance
 f - 4 potions of might
 j - 2 potions of lignification
 k - a potion of haste {unknown}
 o - 2 potions of cancellation {unknown}
 p - a potion of attraction {unknown}
 t - a potion of brilliance {unknown}
 u - 2 potions of curing
Miscellaneous
 m - a box of beasts


   Skills:
 + Level 6.5 Fighting
 + Level 5.5 Dodging
 * Level 9.7 Unarmed Combat
 + Level 6.2 Spellcasting
 * Level 9.3 Transmutations
 - Level 2.0 Poison Magic
 + Level 4.5 Invocations


You had 9 spell levels left.
You knew the following spells:

 Your Spells              Type           Power      Damage    Failure   Level
a - Beastly Appendage     Tmut           100%       N/A       1%          1
b - Spider Form           Tmut/Pois      20%        N/A       1%          3
c - Ice Form              Ice/Tmut       34%        N/A       2%          4
d - Hydra Form            Tmut           28%        N/A       1%          5

Your spell library contained the following spells:

 Spells                   Type           Power      Damage    Failure   Level
 Animate Skeleton         Necr           16%        N/A       1%          1
 Apportation              Tloc           16%        N/A       1%          1
 Corona                   Hex            8%         N/A       1%          1
 Pain                     Necr           32%        1d5       1%          1
 Summon Small Mammal      Summ           32%        N/A       1%          1
 Wereblood                Tmut           57%        N/A       1%          2
 Call Imp                 Summ           8%         N/A       2%          2
 Call Canine Familiar     Summ           8%         N/A       5%          3
 Summon Guardian Golem    Hex/Summ       8%         N/A       5%          3
 Vampiric Draining        Necr           4%         2d6       5%          3
 Animate Dead             Necr           4%         N/A       16%         4
 Summon Ice Beast         Ice/Summ       8%         N/A       16%         4
 Summon Lightning Spire   Summ/Air       8%         N/A       16%         4
 Agony                    Necr           8%         N/A       38%         5


Dungeon Overview and Level Annotations

Branches:
Dungeon (9/15)             Temple (0/1) D:6            Lair (0/6) D:8
 Bailey (visited)
    Orc: D:9-12

Altars:
Cheibriados
Elyvilon
Ru
Xom

Annotations:
D:8 1 runed translucent door, tilp's ghost, novice VSBr


Innate Abilities, Weirdness & Mutations

You are a five-headed hydra.
You swim very quickly.
You can devour living enemies to heal.
You are amphibious.
Your maximum health is greatly increased.
Your armour is entirely melded.
You are incapable of wielding weapons or throwing items.
((Your serpentine skin is tough. (AC +3)))
You have supernaturally acute eyesight. (SInv)
((Armour fits poorly on your strangely shaped body.))
((Your system is resistant to poisons. (rPois)))
((You cover ground very slowly.))
You can spit poison.
((You have a snake-like lower body.))


Message History

The centaur warrior hits you!
* * * LOW HITPOINT WARNING * * *
The centaur warrior closely misses you.
The centaur unwields a +0 shortbow.
The centaur hits you but does no damage.
The centaur kicks you but does no damage.
The centaur barely misses you. The centaur misses you.
The centaur warrior hits you.
* * * LOW HITPOINT WARNING * * *
The centaur warrior kicks you.
* * * LOW HITPOINT WARNING * * *
The centaur hits you but does no damage.
The centaur barely misses you. The centaur hits you.
* * * LOW HITPOINT WARNING * * *
The centaur closely misses you. The centaur warrior hits you!
* * * LOW HITPOINT WARNING * * *
The centaur warrior kicks you but does no damage.
Things that are here:
a +0 shortbow; 17 arrows; a +0 battleaxe of freezing You gouge the centaur!!
You devour the centaur!
You feel better.
You kill the centaur!
Cheibriados thoroughly appreciates the change of pace.
You gouge the centaur!!
You bite the centaur warrior! The centaur barely misses you.
The centaur closely misses you. The centaur warrior hits you.
* * * LOW HITPOINT WARNING * * *
The centaur warrior kicks you but does no damage.
The centaur hits you but does no damage.
The centaur kicks you but does no damage.
You chomp the water moccasin!!!
You devour the water moccasin!
You feel better.
You kill the water moccasin!
Cheibriados thoroughly appreciates the change of pace.
You gouge the centaur!!
You devour the centaur!
You feel better.
You kill the centaur!
Cheibriados thoroughly appreciates the change of pace.
You bite the centaur warrior! The centaur warrior hits you.
* * * LOW HITPOINT WARNING * * *
The centaur warrior kicks you.
* * * LOW HITPOINT WARNING * * *
The centaur warrior hits you!
You die...

.'..#..♣..♣♣..♣♣♣♣.♣..♣♣.♣♣♣♣♣♣.#
.#..#.♣.♣.#}............♣♣ ...#
.#..#############♣.♣##### ### #
.#..# ♣.♣ # .#..# ♣♣♣♣♣♣.♣♣♣♣♣♣ #
.#..# ♣...........♣ # .##'#
♣...........♣ # .. .#
♣..'#####+..♣ ♣..#DDZZ.# .♣
♣..#cFT..# ♣ ....#oz...#
#♣♣..#Z....# ♣..#.....#
♣..+#####+ ♣...


You could see a centaur warrior, a troll shaped shifter, an orc warrior, an acid
dragon, a bullfrog, a wight and 3 centaur zombies.

Vanquished Creatures
  A frost giant (D:9)
  A two-headed ogre (D:8)
  A deep troll (Bailey)
  Pikel (D:4)
  Psyche (D:8)
  A troll (D:9)
  A hornet (D:9)
  A wyvern (D:9)
  A steam dragon (D:7)
  Edmund (D:5)
  2 water moccasins
  8 orc warriors
  Duvessa (D:4)
  3 sky beasts
  3 ice beasts
  5 ogres
  A hornet zombie (D:7)
  2 phantoms
  9 centaurs
  4 kobold brigands
  4 lemures (D:4)
  A bullfrog (D:8)
  Dowan (D:4)
  2 scorpions (D:4)
  A water moccasin skeleton (D:6)
  9 killer bees
  13 wights
  2 howler monkeys
  An electric eel (D:7)
  4 centaur zombies
  2 jellies (D:5)
  An orc priest (D:9)
  Crazy Yiuf (D:4)
  5 gnoll shamans
  3 hounds
  A bullfrog skeleton (D:5)
  A centaur skeleton (D:7)
  3 iguanas
  3 orc wizards (D:9)
  2 killer bee zombies
  A hound skeleton (D:5)
  A howler monkey zombie (D:6)
  16 gnolls
  7 adders
  A white imp (D:7)
  An ufetubus (D:6)
  3 worms
  4 dart slugs
  25 orcs
  5 bats
  7 endoplasms
  7 giant cockroaches
  10 goblins
  6 hobgoblins
  12 jackals
  22 kobolds
  3 quokkas
  7 ball pythons
  4 frilled lizards
  3 rats
253 creatures vanquished.

Vanquished Creatures (others)
  6 fungi
  13 plants (D:7)
19 creatures vanquished.

Grand Total: 272 creatures vanquished

Notes
Turn   | Place    | Note
-------+----------+-------------------------------------------
     0 | D:1      | kae the Naga Transmuter began the quest for the Orb.
     0 | D:1      | Reached XP level 1. HP: 18/18 MP: 3/3
   437 | D:1      | Reached XP level 2. HP: 25/25 MP: 3/5
  1354 | D:1      | Reached XP level 3. HP: 8/31 MP: 4/6
  1778 | D:1      | Learned a level 3 spell: Spider Form
  2350 | D:2      | Found a faded altar of an unknown god.
  2363 | D:2      | Reached XP level 4. HP: 22/38 MP: 5/7
  3066 | D:2      | Reached skill level 1 in Poison Magic
  3115 | D:3      | You fall into a shaft and drop 2 floors!
  3115 | D:5      | Entered Level 5 of the Dungeon
  3167 | D:5      | Reached XP level 5. HP: 41/45 MP: 4/8
  3240 | D:5      | Noticed a phantom
  3275 | D:5      | Killed a phantom
  3276 | D:5      | Reached XP level 6. HP: 19/52 MP: 5/10
  3854 | D:3      | Found a snail-covered altar of Cheibriados.
  3935 | D:3      | Became a worshipper of Cheibriados the Contemplative
  4125 | D:3      | Reached XP level 7. HP: 55/61 MP: 8/11
  4870 | D:4      | Noticed Duvessa
  4870 | D:4      | Noticed Dowan
  4880 | D:4      | Killed Duvessa
  4880 | D:4      | Reached * piety under Cheibriados
  4881 | D:4      | Reached skill level 5 in Unarmed Combat
  4893 | D:4      | Killed Dowan
  4941 | D:4      | Noticed Pikel
  4985 | D:4      | Learned a level 4 spell: Ice Form
  5037 | D:4      | Killed Pikel
  5038 | D:4      | Reached skill level 5 in Transmutations
  5038 | D:4      | Reached XP level 8. HP: 7/70 MP: 8/13
  5659 | D:4      | Found a runed translucent door.
  5660 | D:4      | Noticed Crazy Yiuf
  5668 | D:4      | Killed Crazy Yiuf
  5970 | D:5      | Noticed Edmund
  5983 | D:5      | Killed Edmund
  6161 | D:5      | Reached XP level 9. HP: 77/78 MP: 11/15
  6434 | D:6      | Reached ** piety under Cheibriados
  7126 | D:6      | Found a staircase to the Ecumenical Temple.
  7377 | D:7      | Reached *** piety under Cheibriados
  7380 | D:7      | Found a sacrificial altar of Ru.
  7480 | D:7      | Found a flagged portal.
  7493 | Bailey   | Entered a bailey
  7620 | Bailey   | Noticed an orc knight
  7956 | Bailey   | Learned a level 5 spell: Hydra Form
  7957 | Bailey   | Noticed a deep troll
  7957 | Bailey   | an orc knight changed into a deep troll
  7977 | Bailey   | Reached skill level 1 in Invocations
  8123 | Bailey   | Killed a deep troll
  8124 | Bailey   | Reached skill level 5 in Fighting
  8124 | Bailey   | Reached skill level 5 in Spellcasting
  8124 | Bailey   | Reached XP level 10. HP: 88/88 MP: 17/17
  8136 | Bailey   | Found the +8 orange crystal plate armour {Archmagi, Int+3
                  | Clar}
  8142 | Bailey   | Identified the +0 cloak "Xoeleux" {Str-3 SInv Stlth+}
  8346 | D:7      | Found a white marble altar of Elyvilon.
  8552 | D:7      | Reached **** piety under Cheibriados
  9897 | D:8      | Reached ***** piety under Cheibriados
  9898 | D:8      | Reached skill level 5 in Dodging
  9979 | D:8      | Noticed a two-headed ogre
  9987 | D:8      | Killed a two-headed ogre
 10129 | D:8      | Found a staircase to the Lair.
 10138 | D:8      | Reached XP level 11. HP: 95/95 MP: 19/19
 10425 | D:8      | Found a shimmering altar of Xom.
 10694 | D:8      | Noticed Psyche
 10704 | D:8      | Killed Psyche
 10775 | D:8      | Noticed tilp's ghost (novice VSBr)
 10780 | D:8      | Found a runed translucent door.
 11336 | D:9      | Noticed a frost giant
 11336 | D:9      | Noticed a centaur warrior
 11336 | D:9      | Noticed a salamander
 11337 | D:9      | a salamander changed into a troll
 11345 | D:9      | Killed a frost giant
 11352 | D:9      | HP: 5/128 [centaur warrior (7)]
 11354 | D:9      | Slain by a centaur warrior

Illustrated notes

Levels and vault maps discovered:
D:1:      saegor_arrival_simple_a, layout_loops_corners
D:2:      layout_rooms, ebering_ecumenical_altar_mist
D:3:      layout_basic, cheibriados_altar_1, kennysheep_generic_room_5
D:4:      layout_cave_pods, minmay_pentomino_pile, uniq_pikel,
          uniq_crazy_yiuf_cottage, uniq_duvessa
D:5:      layout_gridville, uniq_edmund
D:6:      layout_basic, minmay_temple_entry_slanted
D:7:      kennysheep_seaside_town, layout_loops_ring,
          nicolae_elyvilon_temple_path, amcnicky_altar_gilded, enter_bailey_3,
          grunt_tough_drop
D:8:      layout_basic, lemuel_doored_altar, lair_entry_dummy,
          hellmonk_ghost_happy_afterlife, uniq_psyche
D:9:      nzn_winding_woodlands_large [nzn_winding_woodlands_hourglass,
          nzn_winding_woodlands_5x15_pockets, nzn_winding_woodlands_5x5_three,
          nzn_winding_woodlands_center_lodge,
          nzn_winding_woodlands_15x15_killbox,
          nzn_winding_woodlands_center_pierced_h,
          nzn_winding_woodlands_5x5_perimeter,
          nzn_winding_woodlands_5x15_parted,
          nzn_winding_woodlands_5x5_open_star], layout_stronghold,
          cheibrodos_ashenzari_chains, serial_park_tiny_1

Skill      XL: |  1  2  3  4  5  6  7  8  9 10 11 |
---------------+----------------------------------+-----
Dodging        | 2 3 4 5 |  5.5
Poison Magic   | 1 2 |  2.0
Transmutations | 3 4 5 6 7 8 9 |  9.3
Fighting       | 2 3 4 5 6 |  6.5
Unarmed Combat | 4 5 6 8 9 |  9.7
Spellcasting   | 3 4 5 6 |  6.2
Invocations    | 2 3 4 |  4.5

Action                   |  1- 3 |  4- 6 |  7- 9 | 10-12 || total
-------------------------+-------+-------+-------+-------++-------
Melee: Unarmed           |    86 |   122 |   264 |   201 ||   673
       Headbutt          |     5 |     1 |       |       ||     6
       Punch             |     1 |       |     1 |     2 ||     4
 Cast: Beastly Appendage |    17 |     4 |       |       ||    21
       Spider Form       |     2 |    17 |    33 |       ||    52
       Ice Form          |       |       |    13 |     1 ||    14
       Hydra Form        |       |       |       |    27 ||    27
 Abil: Spit Poison       |    26 |     9 |    52 |       ||    87
Evoke: Wand              |       |       |     3 |       ||     3
  Use: Scroll            |       |     2 |    10 |     3 ||    15
       Potion            |       |       |     2 |       ||     2
 Stab: Sleeping          |       |       |       |     2 ||     2
Armor: Robe              |    21 |     5 |     8 |    11 ||    45
       Skin              |     1 |     7 |    20 |    75 ||   103
Dodge: Dodged            |    76 |    93 |   257 |   164 ||   590

Table legend: (Time is in decaauts)
 A = Elapsed time spent in this place.
 B = Non-inter-level travel time spent in this place.
 C = Inter-level travel time spent in this place.
 D = Time resting spent in this place.
 E = Time spent auto-exploring this place.
 F = Levels seen in this place.
 G = Mean time per level.
                   A        B        C        D        E       F      G
               +--------+--------+--------+--------+--------+-----+--------+
         Total |  16951 |  16328 |    623 |    261 |  13808 |  10 | 1695.1 |
       Dungeon |  15838 |  15215 |    623 |    101 |  13364 |   9 | 1759.8 |
        Bailey |   1113 |   1113 |      0 |    160 |    443 |   1 | 1113.0 |
               +--------+--------+--------+--------+--------+-----+--------+

Top non-repeatable levels by time:
     D:7: 2993 daAuts
     D:8: 2220 daAuts
     D:1: 2218 daAuts
     D:4: 1895 daAuts
     D:3: 1578 daAuts
     D:6: 1442 daAuts
     D:5: 1355 daAuts
     D:2: 1331 daAuts
  Bailey: 1113 daAuts
     D:9: 802 daAuts
